 Dungeon Crawl Stone Soup version 0.19.1 (webtiles) character file.

79557 Mizar the Fighter (level 15, -4/129 HPs)
             Began as a Vine Stalker Berserker on Dec 8, 2016.
             Was the Champion of Trog.
             Slain by a wolf spider simulacrum (7 damage)
             ... summoned by a boggart
             ... on level 15 of the Dungeon.
             The game lasted 02:08:42 (22196 turns).

Mizar the Fighter (Vine Stalker Berserker)         Turns: 22196, Time: 02:08:42

Health: -4/129     AC: 25    Str: 30    XL:     15   Next: 64%
Magic:  0/23       EV: 12    Int:  9    God:    Trog [******]
Gold:   903        SH: 13    Dex: 15    Spells: 0 memorised, 14 levels left

rFire  + . .     SeeInvis +     I - +0 flail
rCold  + . .     Gourm    .     O - +0 plate armour {rF+}
rNeg   + . .     Faith    .     E - +0 shield
rPois  .         Spirit   +     T - +2 hat {SInv}
rElec  .         Reflect  .     y - +3 cloak of Pathos {Int+4}
rCorr  +         Harm     .     b - +1 pair of gloves of the Volcano {+Blink rCorr Stlth+}
MR     +++..     Clarity  +     u - +1 pair of boots of the Snake Pit {rC+ rN+ MR++ Int-2}
Stlth  ..........               a - amulet of regeneration
                                d - +4 ring of evasion
                                A - ring "Nyleate" {Slay+3 Stlth+}

@: berserking, very quick
A: fangs 3, clarity, regeneration 2, magic shield, antimagic bite, no device
heal 3, rot immunity
a: Berserk, Trog's Hand, Brothers in Arms, Burn Spellbooks, Renounce Religion,
Evoke Blink


You were on level 15 of the Dungeon.
You worshipped Trog.
Trog was exalted by your worship.
You were very hungry.

You visited 3 branches of the dungeon, and saw 23 of its levels.
You also visited: Labyrinth.

You collected 2433 gold pieces.
You spent 1530 gold pieces at shops.

Inventory:

Hand Weapons
 g - the +7 lajatang of Order {silver, rMut}
   (You found it on level 11 of the Dungeon)

   It protects you from mutation.
 I - a +0 flail (weapon)
Armour
 b - the +1 pair of gloves of the Volcano (worn) {+Blink rCorr Stlth+}
   (You found it on level 13 of the Dungeon)

   It lets you blink.
   It protects you from acid and corrosion.
   It makes you more stealthy.
 u - the +1 pair of boots of the Snake Pit (worn) {rC+ rN+ MR++ Int-2}
   (You found it on level 4 of the Lair of Beasts)

   It affects your intelligence (-2).
   It protects you from cold.
   It protects you from negative energy.
   It affects your resistance to hostile enchantments.
 y - the +3 cloak of Pathos (worn) {Int+4}
   (You found it in a labyrinth)

   It affects your intelligence (+4).
 E - a +0 shield (worn)
 O - a +0 plate armour of fire resistance (worn)
 T - a +2 hat of see invisible (worn)
Jewellery
 a - an amulet of regeneration (around neck)
 d - a +4 ring of evasion (right hand)
 q - the ring of Curiosity {+Fly rF+ rN+}
   (You took it off a minotaur in a labyrinth)

   [ring of flight]

   It protects you from fire.
   It protects you from negative energy.
   It lets you fly.
 s - an uncursed ring of protection from fire
 x - an uncursed amulet of magic regeneration
 A - the ring "Nyleate" (left hand) {Slay+3 Stlth+}
   (You found it on level 3 of the Lair of Beasts)

   [ring of stealth]

   It affects your accuracy and damage with ranged weapons and melee attacks
   (+3).
   It makes you more stealthy.
 Y - an uncursed ring of ice
Wands
 D - a wand of digging (11/24)
 X - a wand of enslavement (5/24)
Scrolls
 h - 6 scrolls of fear
 j - 2 scrolls of random uselessness {unknown}
 k - 2 scrolls of enchant weapon {unknown}
 m - 6 scrolls of blinking {unknown}
 o - 6 scrolls of recharging
 v - 6 scrolls of enchant armour
 C - 12 scrolls of remove curse
 F - a scroll of torment {unknown}
 G - 2 scrolls of brand weapon {unknown}
 L - 8 scrolls of teleportation
 M - 6 scrolls of magic mapping
 N - a scroll of holy word
 P - 3 scrolls of summoning {unknown}
 Q - a scroll of vulnerability {unknown}
 S - 3 scrolls of fog
 U - a scroll of noise {unknown}
 Z - 6 scrolls of immolation {unknown}
Potions
 e - 4 potions of curing
 f - 5 potions of might
 i - 4 potions of agility
 r - 4 potions of flight
 z - 2 potions of lignification
 B - a potion of invisibility
 H - 5 potions of cancellation
 K - 2 potions of ambrosia
 V - a potion of cure mutation
 W - 4 potions of haste
Miscellaneous
 R - 2 phantom mirrors
Comestibles
 c - 11 bread rations
 l - 4 beef jerkies
 p - 11 royal jellies
 w - 34 fruits
 J - 3 meat rations


   Skills:
 * Level 13.6 Fighting
 - Level 12.0 Maces & Flails
 + Level 9.9 Armour
 - Level 1.5 Dodging
 + Level 10.5 Shields
 + Level 10.1 Evocations


You had 14 spell levels left.
You didn't know any spells.

Dungeon Overview and Level Annotations

Branches:
Dungeon (15/15)            Temple (0/1) D:4            Lair (6/6) D:9
  Swamp (0/4) Lair:3       Spider (0/4) Lair:4        Slime (0/5) Lair:5
    Orc (2/2) D:12            Elf (0/3) Orc:2        Vaults (0/5) D:13
 Depths: D:15

Altars:
Ashenzari
Dithmenos
Elyvilon
Qazlal
Trog
Uskayaw
Vehumet
Yredelemnul
Zin
Beogh

Shops:
D:5 [   D:11 !   D:12 !   D:13 =   D:14 !   D:15 =   Orc:2 (=?:=

Annotations:
Lair:4 exclusion: 4 oklob plants


Innate Abilities, Weirdness & Mutations

You have razor-sharp teeth.
You heal very quickly.
When hurt, damage is shared between your health and your magic reserves.
Your bite disrupts and absorbs the magic of your enemies.
Potions and wands cannot restore your health.
You are immune to rotting.
You possess an exceptional clarity of mind.


Message History

You bludgeon the boggart!!
You kill the boggart!
Trog accepts your kill.
Trog appreciates your killing of a magic user.
The orc warrior dissolves into shadows!
The bullfrog dissolves into shadows!
The orc dissolves into shadows!
The meliai calls down the wrath of its god upon you.
Something smites you!
* * * LOW HITPOINT WARNING * * *
The wolf spider simulacrum hits you.
* * * LOW HITPOINT WARNING * * *
The wolf spider simulacrum freezes you! You resist.
* * * LOW HITPOINT WARNING * * *
The wolf spider simulacrum barely misses you.
You hit the meliai. You bite the meliai! You drain its power.
The meliai is heavily wounded.
The meliai hits you with a hand axe!
* * * LOW HITPOINT WARNING * * *
You block the meliai's attack. The wolf spider simulacrum hits you!
You die...

......................
..)...................
............##########
.......(##########
..................
.........)).......
######....(..<....
.########...........!
......y@g............
......Z..............
..............#######
###..######...# #..
#...# #. #...# .
...... .. .....


You could see a meliai, a boggart and a wolf spider simulacrum.

Vanquished Creatures
  Gastronok (D:11)
  Roxanne (D:14)
  Louise (D:14)
  The ghost of araganzar the Carver, a journeyman TeGl of Okawaru (Lair:3)
  A minotaur (Lab)
  A vault guard (D:13)
  A fire dragon (Lair:6)
  9 hydras
  A catoblepas (Lair:6)
  3 orc high priests
  The ghost of valrus the Basher, a journeyman VSBe of Trog (D:11)
  Sonja (D:11)
  An unseen horror (D:10)
  2 wizards (D:13)
  A hill giant (D:10)
  2 necromancers (D:13)
  4 orc knights
  A deep elf mage (D:13)
  4 ugly things
  3 orc sorcerers (Orc:2)
  An oklob plant (Lair:5)
  4 cyclopes
  2 elephants (Lair:4)
  A manticore (Lair:4)
  Joseph (D:7)
  A centaur zombie (D:11)
  3 black mambas
  A torpor snail (Lair:4)
  14 spiny frogs
  Psyche (D:8)
  A freezing wraith (D:14)
  2 centaur skeletons
  2 demonic crawlers (D:13)
  5 rime drakes
  6 komodo dragons
  6 meliai
  3 trolls
  2 queen bees
  A jumping spider (Lair:4)
  A tyrant leech (Lair:3)
  2 polar bears
  11 hippogriffs
  2 hornets
  2 two-headed ogres
  The ghost of Fridurmus the Cudgeler, an amateur FoGl (D:4)
  3 slime creatures (D:13)
  7 blink frogs
  2 spriggans
  A vampire (D:11)
  Sigmund (D:3)
  5 wraiths (D:10)
  19 humans (D:13)
  4 basilisks
  61 yaks
  3 steam dragons
  A hungry ghost (D:10)
  6 vampire mosquitoes
  6 wyverns
  Grum (D:11)
  A warg (Orc:1)
  3 mottled dragons
  A swamp worm (Lair:3)
  21 water moccasins
  25 orc warriors
  A porcupine (Lair:2)
  4 swamp drakes
  4 sky beasts
  An eye of draining (D:14)
  9 wolves
  A black bear (Lair:2)
  9 ice beasts
  2 boggarts (D:15)
  3 phantoms
  9 ogres
  5 centaurs
  8 crocodiles
  3 big kobolds
  19 bullfrogs
  2 gnoll sergeants
  3 scorpions
  54 killer bees
  12 wights
  3 electric eels
  4 crimson imps
  4 howler monkeys
  2 bullfrog zombies
  3 jellies
  2 quasits
  11 hounds
  19 orc priests
  2 bullfrog skeletons
  Crazy Yiuf (D:5)
  3 iguanas
  27 orc wizards
  8 worker ants
  2 hell rats (Lair:4)
  A hound skeleton (D:10)
  A worker ant zombie (D:10)
  10 gnolls
  17 adders
  2 river rats (Lair:4)
  An ooze (Lair:5)
  2 adder skeletons (D:7)
  2 dart slugs
  5 leopard geckos
  88 orcs
  5 giant cockroaches
  3 goblins
  2 hobgoblins
  10 jackals
  5 quokkas
  2 ball pythons
  6 bats
  7 frilled lizards
  20 kobolds
  A leopard gecko skeleton (D:4)
  A quokka skeleton (D:9)
  6 rats
  A plant (Lair:2)
725 creatures vanquished.

Vanquished Creatures (collateral kills)
  An orc high priest (Orc:2)
  An orc sorcerer (Orc:2)
  An orc (Orc:2)
3 creatures vanquished.

Vanquished Creatures (others)
  The ghost of Zubeida the End of an Era, a journeyman SpAE of Qazlal (D:14)
  A swamp drake (Lair:6)
  An ogre (D:12)
  A big kobold (D:14)
  A killer bee (Lair:4)
  An orc wizard (Orc:2)
  6 kobolds (D:14)
  3 fungi (Lair:6)
  A plant (Lair:6)
16 creatures vanquished.

Grand Total: 744 creatures vanquished

Notes
Turn   | Place    | Note
-------+----------+-------------------------------------------
     0 | D:1      | Mizar the Vine Stalker Berserker began the quest for the Orb.
     0 | D:1      | Reached XP level 1. HP: 11/11 MP: 2/2
   119 | D:1      | Reached XP level 2. HP: 15/16 MP: 3/3
   440 | D:2      | Found a faded altar of an unknown god.
   448 | D:2      | Reached ** piety under Trog
   468 | D:2      | Reached XP level 3. HP: 19/19 MP: 4/4
   522 | D:2      | Found a basalt altar of Yredelemnul.
  1239 | D:3      | Gained mutation: Your natural rate of healing is unusually fast. [Vine Stalker growth]
  1239 | D:3      | Reached XP level 4. HP: 20/23 MP: 5/5
  1288 | D:3      | Noticed Sigmund
  1304 | D:3      | Killed Sigmund
  1304 | D:3      | Reached skill level 5 in Maces & Flails
  1304 | D:3      | Reached XP level 5. HP: 25/27 MP: 6/6
  1367 | D:3      | Reached XP level 6. HP: 32/32 MP: 7/7
  1888 | D:4      | Noticed a phantom
  1913 | D:4      | Killed a phantom
  1964 | D:4      | Found a staircase to the Ecumenical Temple.
  1998 | D:4      | Noticed Fridurmus's ghost (amateur FoGl)
  2029 | D:4      | Killed Fridurmus's ghost
  2029 | D:4      | Reached XP level 7. HP: 35/35 MP: 8/8
  2089 | D:4      | Found a shattered altar of Ashenzari.
  2261 | D:4      | Reached *** piety under Trog
  2561 | D:5      | Entered Level 5 of the Dungeon
  2688 | D:5      | Found a stormy altar of Qazlal.
  2688 | D:5      | Found a glowing silver altar of Zin.
  2726 | D:5      | Found a runed door.
  2790 | D:5      | Found Muotz's Armour Boutique.
  2969 | D:5      | Found a white marble altar of Elyvilon.
  3030 | D:5      | Gained mutation: You have razor-sharp teeth. [Vine Stalker growth]
  3030 | D:5      | Reached XP level 8. HP: 34/39 MP: 9/9
  3081 | D:5      | Bought a +0 shield for 49 gold pieces
  3276 | D:5      | Noticed Crazy Yiuf
  3283 | D:5      | Killed Crazy Yiuf
  3882 | D:6      | Reached **** piety under Trog
  4167 | D:6      | Reached skill level 10 in Maces & Flails
  4265 | D:7      | Reached skill level 3 in Fighting
  4381 | D:7      | Noticed Joseph
  4385 | D:7      | Reached XP level 9. HP: 40/44 MP: 7/10
  4402 | D:7      | Killed Joseph
  4402 | D:7      | Reached skill level 1 in Evocations
  4589 | D:7      | Reached skill level 1 in Shields
  5008 | D:8      | Noticed Psyche
  5087 | D:8      | Killed Psyche
  5087 | D:8      | Reached XP level 10. HP: 49/49 MP: 12/12
  5135 | D:8      | Reached ***** piety under Trog
  5849 | D:9      | Reached skill level 4 in Fighting
  5983 | D:9      | Found a staircase to the Lair.
  6052 | D:9      | Found a bloodstained altar of Trog.
  6761 | Lair:1   | Entered Level 1 of the Lair of Beasts
  6787 | D:9      | Reached skill level 5 in Fighting
  6806 | Lair:1   | Reached skill level 5 in Shields
  6812 | Lair:1   | Reached XP level 11. HP: 38/55 MP: 14/14
  6990 | Lair:1   | Found a stormy altar of Qazlal.
  7148 | Lair:1   | Reached skill level 5 in Armour
  7195 | Lair:1   | Reached skill level 6 in Fighting
  8184 | Lair:2   | Found a labyrinth entrance.
  8200 | Lab      | Entered a labyrinth
  9777 | Lab      | Noticed a minotaur
  9785 | Lab      | Killed a minotaur
  9785 | Lab      | Reached skill level 7 in Fighting
  9787 | Lab      | Got a clouded tin ring
  9854 | Lab      | Got a glittering pewter amulet
  9929 | Lab      | Got a smoking cloak
  9942 | Lab      | Identified the +3 cloak of Pathos {Int+4} (You found it in a labyrinth)
  9973 | Lab      | Identified the ring of Curiosity {+Fly rF+ rN+} (You took it off a minotaur in a labyrinth)
  9975 | Lab      | Identified the amulet "Xatoeff" {Spirit +Fly MR- Dex+3} (You found it in a labyrinth)
 11020 | Lair:3   | Noticed a four-headed hydra
 11025 | Lair:3   | Reached ****** piety under Trog
 11030 | Lair:3   | Reached skill level 5 in Evocations
 11034 | Lair:3   | Killed a four-headed hydra
 11034 | Lair:3   | Gained mutation: You heal very quickly. [Vine Stalker growth]
 11034 | Lair:3   | Reached XP level 12. HP: 64/64 MP: 14/16
 11064 | Lair:2   | HP: 2/64 [yak (4)]
 11103 | Lair:2   | Reached skill level 8 in Fighting
 11287 | Lair:3   | Noticed araganzar's ghost (journeyman TeGl)
 11400 | Lair:3   | Killed araganzar's ghost
 11465 | Lair:3   | Got a fine platinum ring
 11467 | Lair:3   | Identified the ring "Nyleate" {Slay+3 Stlth+} (You found it on level 3 of the Lair of Beasts)
 11567 | Lair:3   | Received a gift from Trog
 11635 | Lair:3   | Noticed a seven-headed hydra
 11645 | Lair:3   | Killed a seven-headed hydra
 11717 | Lair:3   | Found a staircase to the Swamp.
 11983 | Lair:4   | Received a gift from Trog
 12070 | Lair:4   | Got a pair of twisted boots
 12076 | Lair:4   | Identified the +1 pair of boots of the Snake Pit {rC+ rN+ MR++ Int-2} (You found it on level 4 of the Lair of Beasts)
 12168 | Lair:4   | Found a hole to the Spider Nest.
 12177 | Lair:4   | Reached skill level 9 in Fighting
 12661 | Lair:4   | Reached XP level 13. HP: 68/70 MP: 19/19
 12953 | Lair:4   | Reached skill level 10 in Fighting
 13418 | Lair:5   | Found a radiant altar of Vehumet.
 13520 | Lair:5   | Received a gift from Trog
 13630 | Lair:5   | Found a staircase to the Slime Pits.
 14168 | Lair:6   | Entered Level 6 of the Lair of Beasts
 14638 | Lair:6   | Noticed a fire dragon
 14658 | Lair:6   | Killed a fire dragon
 14658 | Lair:6   | Reached skill level 11 in Fighting
 14800 | Lair:6   | Reached XP level 14. HP: 76/79 MP: 19/21
 15138 | Lair:6   | Received a gift from Trog
 15818 | D:10     | Entered Level 10 of the Dungeon
 16864 | D:11     | Noticed Gastronok
 16883 | D:11     | Killed Gastronok
 17017 | D:11     | Reached skill level 12 in Fighting
 17101 | D:11     | Found Remuav's Distillery.
 17116 | D:11     | Noticed Grum
 17141 | D:11     | Received a gift from Trog
 17149 | D:11     | Killed Grum
 17154 | D:11     | Bought a potion of haste for 120 gold pieces
 17213 | D:11     | Noticed Sonja
 17230 | D:11     | Killed Sonja
 17286 | D:11     | Noticed valrus's ghost (journeyman VSBe)
 17295 | D:11     | Killed valrus's ghost
 17646 | D:12     | Found Meh Ifew's Distillery.
 17653 | D:12     | Bought a potion of beneficial mutation for 525 gold pieces
 17657 | D:12     | Gained mutation: You possess an exceptional clarity of mind. [potion of beneficial mutation]
 17955 | D:12     | Found a staircase to the Orcish Mines.
 17979 | Orc:1    | Entered Level 1 of the Orcish Mines
 18457 | Orc:1    | Found a roughly hewn altar of Beogh.
 18762 | Orc:2    | Entered Level 2 of the Orcish Mines
 18815 | Orc:2    | Found a bloodstained altar of Trog.
 18872 | Orc:2    | Received a gift from Trog
 18945 | Orc:2    | Found a staircase to the Elven Halls.
 19012 | Orc:2    | Found Vaojus's Magic Scroll Shop.
 19021 | Orc:2    | Bought a scroll of teleportation for 39 gold pieces
 19021 | Orc:2    | Bought a scroll of teleportation for 39 gold pieces
 19024 | Orc:2    | Bought a scroll of enchant armour for 97 gold pieces
 19024 | Orc:2    | Bought a scroll of magic mapping for 45 gold pieces
 19547 | Orc:2    | Reached XP level 15. HP: 31/85 MP: 23/23
 19581 | Orc:2    | Found Iclamat's Jewellery Shop.
 19581 | Orc:2    | Found Kuebleepn's Antique Weapon Emporium.
 19583 | Orc:2    | Found Emohiaff's Jewellery Shop.
 19583 | Orc:2    | Found Emoged's Book Emporium.
 19627 | Orc:2    | Bought a scroll of teleportation for 39 gold pieces
 19627 | Orc:2    | Bought a scroll of fear for 45 gold pieces
 19627 | Orc:2    | Bought a scroll of fear for 45 gold pieces
 19627 | Orc:2    | Bought a scroll of holy word for 97 gold pieces
 20186 | D:13     | Found Unuol's Jewellery Emporium.
 20197 | D:13     | Bought an uncursed amulet of regeneration for 390 gold pieces
 20332 | D:13     | Reached skill level 13 in Fighting
 20332 | D:13     | Reached skill level 10 in Shields
 20439 | D:13     | Got a pair of spiked gloves
 20450 | D:13     | Identified the +1 pair of gloves of the Volcano {+Blink rCorr Stlth+} (You found it on level 13 of the Dungeon)
 20469 | D:13     | Found a gate to the Vaults.
 20514 | D:13     | Received a gift from Trog
 20858 | D:14     | Noticed Louise
 20908 | D:14     | Killed Louise
 20980 | D:14     | Noticed Roxanne
 21013 | D:14     | Killed Roxanne
 21014 | D:14     | Identified Roxanne's Papyrus of Stones (You took it off Roxanne on level 14 of the Dungeon)
 21195 | D:14     | Noticed Zubeida's ghost (journeyman SpAE)
 21258 | D:14     | Killed Zubeida's ghost
 21462 | D:14     | Found Keoschaet's Distillery.
 21493 | D:14     | Reached skill level 10 in Evocations
 21618 | D:14     | Found a shadowy altar of Dithmenos.
 21685 | D:14     | Found a hide-covered altar of Uskayaw.
 21897 | D:15     | Entered Level 15 of the Dungeon
 21943 | D:15     | Found Jokatz's Jewellery Boutique.
 22141 | D:15     | Received a gift from Trog
 22196 | D:15     | HP: 3/129 [meliai/hand axe[a boggart] (4)]
 22196 | D:15     | Slain by a wolf spider simulacrum

Skill      XL: |  1  2  3  4  5  6  7  8  9 10 11 12 13 14 15 |
---------------+----------------------------------------------+-----
Maces & Flails | 3 4 5 7 8 10 11 12 | 12.0
Fighting       | 3 5 7 9 11 12 13 | 13.6
Evocations     | 2 3 5 6 8 9 10 | 10.1
Shields        | 3 5 6 7 8 9 10 | 10.5
Armour         | 3 4 5 7 8 9 |  9.9
Dodging        | |  1.5

Action                   |  1- 3 |  4- 6 |  7- 9 | 10-12 | 13-15 || total
-------------------------+-------+-------+-------+-------+-------++-------
Melee: Mace              |   103 |    70 |   116 |       |       ||   289
       Bite              |    26 |    24 |   133 |   339 |   717 ||  1239
       Flail             |       |       |   276 |   860 |  1708 ||  2844
Invok: Berserk           |       |     3 |     5 |     4 |    12 ||    24
       Trog's Hand       |       |       |     1 |     1 |     4 ||     6
       Burn Spellbooks   |       |       |       |     3 |     6 ||     9
       Brothers in Arms  |       |       |       |       |     1 ||     1
  Use: Potion            |     1 |       |       |       |     1 ||     2
       Scroll            |       |       |     3 |     9 |    10 ||    22
 Stab: Confused          |       |       |       |       |     1 ||     1
  Eat: Chunk             |     1 |     2 |     8 |    16 |    31 ||    58
       Meat ration       |       |     1 |       |     2 |     1 ||     4
       Fruit             |       |       |     1 |       |     1 ||     2
       Bread ration      |       |       |     1 |       |       ||     1
       Pizza             |       |       |       |     1 |     1 ||     2
       Royal jelly       |       |       |       |     1 |     4 ||     5
       Beef jerky        |       |       |       |       |     1 ||     1
Armor: Plate armour      |   147 |    54 |   211 |   570 |   959 ||  1941
       Animal skin       |     5 |       |       |       |       ||     5
Dodge: Dodged            |    75 |    12 |    44 |   209 |   635 ||   975
Block: Shield            |       |       |    98 |   522 |  1139 ||  1759
